 Dungeon Crawl Stone Soup version 0.27.1 (webtiles) character file.

Game seed: 3445058150363997124

49 pkoi the Slasher (level 3, -5/30 HPs)
             Began as a Minotaur Gladiator on Aug 26, 2021.
             Was a Follower of Ashenzari.
             Slain by Crazy Yiuf (14 damage)
             ... on level 2 of the Dungeon.
             The game lasted 00:02:25 (1645 turns).

pkoi the Slasher (Minotaur Gladiator)               Turns: 1645, Time: 00:02:26

Health: -5/30      AC:  4    Str: 23    XL:     3   Next: 53%
Magic:  2/2        EV: 12    Int:  5    God:    Ashenzari [*.....]
Gold:   100        SH:  0    Dex: 11    Spells: 2/2 levels left

rFire    . . .     SeeInvis .   a - +0 long sword
rCold    . . .     Faith    .   (no shield)
rNeg     . . .     Spirit   .   b - +0 leather armour of the Shackled Portent {Range, Elem} (curse)
rPois    +         Reflect  .   c - +0 hat
rElec    .         Harm     .   (no cloak)
rCorr    .         Rampage  .   e - +0 pair of gloves of the Visionary Regret {Bglg, Melee} (curse)
Will     .....                  (no boots)
Stlth    +.........             (no amulet)
HPRegen  0.10/turn              f - ring of Mistrust {rPois Str+4}
MPRegen  0.08/turn              (no ring)

@: no status effects
A: horns 2, retaliatory headbutt
a: Renounce Religion, Shatter the Chains


You were on level 2 of the Dungeon.
You worshipped Ashenzari.
Ashenzari was aware of your devotion.
You visited 1 branch of the dungeon, and saw 2 of its levels.

You collected 100 gold pieces.

Inventory:

Hand Weapons
 a - a +0 long sword (weapon)
Missiles
 d - 3 throwing nets (quivered)
Armour
 b - the cursed +0 leather armour of the Shackled Portent (worn) {Range, Elem}

   It has a curse which improves the following skills: Ranged Combat: Slings,
   Bows, Crossbows and Throwing.
   Elements:  Fire Magic, Ice Magic, Air Magic and Earth Magic.
 c - a +0 hat (worn)
 e - the cursed +0 pair of gloves of the Visionary Regret (worn) {Bglg, Melee}
   (You found it on level 1 of the Dungeon)

   It has a curse which improves the following skills: Beguiling: Conjurations,
   Hexes and Translocations.
   Melee Combat: Short Blades, Long Blades, Axes, Maces & Flails, Polearms,
   Staves and Unarmed Combat.
 i - a +0 pair of gloves
 j - a +0 leather armour
 k - a +0 ring mail
Jewellery
 f - the ring of Mistrust (left hand) {rPois Str+4}
   (You acquired it on level 2 of the Dungeon)

   [ring of poison resistance]

   Str:       It affects your strength (+4).
   rPois:     It protects you from poison.
 g - a ring of fire
Scrolls
 h - 2 scrolls of teleportation
 l - a scroll of enchant weapon


   Skills:
 - Level 2.4 Fighting
 + Level 5.6(6.6) Long Blades
 - Level 2.0(2.8) Throwing
 - Level 3.2 Dodging


You had 2 spell levels left.
You didn't know any spells.
Your spell library contained the following spells:

 Spells                   Type           Power      Damage    Failure   Level
 Animate Skeleton         Necr           0%         N/A       52%         1
 Foxfire                  Conj/Fire      0%         2x1d4     52%         1
 Pain                     Necr           0%         1d4       52%         1
 Summon Small Mammal      Summ           0%         N/A       52%         1
 Call Canine Familiar     Summ           0%         N/A       88%         3
 Summon Guardian Golem    Hex/Summ       0%         N/A       88%         3
 Vampiric Draining        Necr           0%         2d6       88%         3


Dungeon Overview and Level Annotations

Branches:
Dungeon (2/15)

Altars:
Ashenzari
Makhleb

Shops:
D:2 ?

Annotations:
D:2 Crazy Yiuf


Innate Abilities, Weirdness & Mutations

You have a pair of horns on your head.
You reflexively headbutt those who attack you in melee.


Message History

There is an open door here.
Found a scroll labelled ZASEFUZANI.
l - a scroll of enchant weapon You see here a worm corpse.
Found 18 stones.
Found a ring mail.
Found a burning altar of Makhleb.
You see here 18 stones.
Found an escape hatch in the ceiling.
There is an escape hatch in the ceiling here.
Found a scroll of teleportation.
h - 2 scrolls of teleportation (gained 1) Ashenzari invites you to partake of a vision and a curse of beguiling and melee combat.
Your +0 pair of gloves glows black for a moment.
You see here a +0 ring mail.
There is a stone staircase leading up here.
Key pressed, stopping explore.
Could not explore, unopened runed door.
Could not explore, unopened runed door.
Could not explore, unopened runed door.
You open the door. You hit Crazy Yiuf.
Crazy Yiuf is moderately wounded.
Crazy Yiuf screams, "You blue cower!"
Crazy Yiuf barely misses you.
You barely miss Crazy Yiuf.
Crazy Yiuf is moderately wounded.
Crazy Yiuf hits you with a +2 quarterstaff of chaos!
Crazy Yiuf freezes you.
* * * LOW HITPOINT WARNING * * *
You hit Crazy Yiuf but do no damage. You headbutt Crazy Yiuf!
Crazy Yiuf is severely wounded.
Crazy Yiuf misses you.
You hit Crazy Yiuf.
Crazy Yiuf is severely wounded.
Crazy Yiuf hits you with a +2 quarterstaff of chaos!
* * * LOW HITPOINT WARNING * * *
You hit Crazy Yiuf.
Crazy Yiuf is almost dead.
Crazy Yiuf hits you with a +2 quarterstaff of chaos!
You die...

#..#..............##
..##.##†######.....#
..##.##.#<.....##.##
####....########### ##
#.#### .# #.#####♣♣♣♣♣
.# #.....#..♣.♣♣♣ ###
.###.#.......♣..♣#...#
..##.#......♣♣♣♣@g...#
#.##.##..#.♣♣ ♣♣#..)#
#..#.#####♣♣ ###
##.#.# #...# ##..# ###
### ### #..# #.# #.#
#.# ##.###.# #.# #.###
#.>##.# #.###...#


You could see Crazy Yiuf.

Vanquished Creatures
  2 adders (D:2)
  2 worms (D:2)
  A dart slug (D:2)
  2 endoplasms
  A giant cockroach (D:2)
  6 goblins
  2 hobgoblins (D:2)
  A ball python (D:2)
  2 frilled lizards (D:1)
  3 kobolds
  2 rats (D:1)
24 creatures vanquished.

Vanquished Creatures (others)
  4 plants (D:1)
4 creatures vanquished.

Grand Total: 28 creatures vanquished

Notes
Turn   | Place    | Note
-------+----------+-------------------------------------------
     0 | D:1      | pkoi the Minotaur Gladiator began the quest for the Orb.
     0 | D:1      | Reached XP level 1. HP: 18/18 MP: 0/0
   324 | D:1      | Reached skill level 4 in Long Blades
   495 | D:1      | Reached XP level 2. HP: 25/25 MP: 1/1
   782 | D:2      | Found a faded altar of an unknown god.
   795 | D:2      | Got Plato's Handbook of Fire
   796 | D:2      | Became a worshipper of Ashenzari the Shackled
   796 | D:2      | Identified a scroll of acquirement
   798 | D:2      | Acquired the ring of Mistrust {rPois Str+4}
   889 | D:2      | Found Jeiss's Magic Scroll Shoppe.
   921 | D:2      | Reached skill level 5 in Long Blades
   985 | D:2      | Reached XP level 3. HP: 30/30 MP: 2/2
  1339 | D:2      | Found a runed translucent door.
  1340 | D:2      | Noticed Crazy Yiuf
  1480 | D:2      | Found a burning altar of Makhleb.
  1525 | D:2      | Reached * piety under Ashenzari
  1645 | D:2      | Slain by Crazy Yiuf

Illustrated notes

Levels and vault maps discovered:
D:1:      nzn_arrival_water_spiral, layout_loops_cross, serial_bayou,
          serial_bayou_ford_a, serial_bayou_pond_a, serial_bayou_pond_d,
          serial_bayou_pond_a, grunt_decor_junction, serial_bayou_lagoon_a
D:2:      layout_basic, serial_shops, shop, basic_altar,
          shapermc_ecumenical_altar_rom_forum, minmay_statues_item,
          minivault_25, minmay_box_of_dots, uniq_crazy_yiuf_cottage

Skill      XL: |  1  2 |
---------------+-------+-----
Long Blades    | 4 5 |  5.6
Fighting       | |  2.4
Throwing       | |  2.0
Dodging        | |  3.2

Action                   || total
-------------------------++-------
Melee: Long sword        ||    58
       Headbutt          ||     9
Invok: Curse Item        ||     2
  Use: Scroll            ||     1
Armor: Leather armour    ||     9
Dodge: Dodged            ||    35
       Rpst.: Long sword ||    11
